Unix NetHack Version 5.0.0-0 post-release - last build May 10 2026 23:12:36 (d1fa5d53e341ca933230fdaa984d921c805b60aa,branch:main).

Game began 2026-05-13 18:13:03, ended 2026-05-14 17:26:18.

Fletchius, chaotic male elven Wizard

     ----------------
     |.<............|
     |..............+#######%##################C
     --------|-------#           ------.---   #@####     #   #
             #########           |C........   #   ####  ---------+-
                                 |.....C......   #######+........>|
                #     #    #     | ..--.--...     ###% #|.........|
                                  ...| {   ..        #%#-.........|
                                 |.    .    .|          |.........|
                      |          |..   {     |#         |+........|
    .                            |    ---  ..           |.........|
             #                    .      . .            -----------
   |     #                |              ...
     .                     #         --       #
                       -      #  #         #

       -

Fletchius the Thaumaturge  St:11 Dx:10 Co:16 In:20 Wi:10 Ch:10  Chaotic
Dlvl:9  $:2302 HP:0(49) Pw:19(63) AC:7  Xp:6/594 T:3581 

Latest messages:
 What do you want to read? [i-mtBMN or ?*] ?
 You read the scroll.
 Being confused, you mispronounce the magic words...
 The scroll catches fire and you burn your hands.
 What do you want to read? [i-mtBN or ?*] ?
 As you read the scroll, it disappears.
 Being confused, you mispronounce the magic words...
 Your quarterstaff is covered by a shimmering golden shield!
 Call a scroll labeled VAS CORP BET MANI: enchant weapon
 What do you want to read? [i-mtN or ?*] ?
 As you read the scroll, it disappears.
 Being confused, you mispronounce the magic words...
 An acid blob suddenly appears next to you!
 An acid blob suddenly appears next to you!
 An acid blob suddenly appears next to you!
 An acid blob suddenly appears close by!
 You feel less confused now.
 You stop waiting.
 You kill the acid blob!
 You see here an acid blob corpse.
 You miss the acid blob.
 What do you want to zap? [gsx or ?*] ?
 In what direction? y
 You kill the acid blob!
 What do you want to zap? [gsx or ?*] ?
 In what direction? y
 You kill the acid blob!
 The bolt of cold hits the water nymph!
 What do you want to zap? [gsx or ?*] g
 In what direction? y
 You kill the water nymph!
 You miss the acid blob.
 You kill the acid blob!
 You are splashed by the acid blob's acid!
 There are several objects here.
 c - an uncursed +2 ring of protection.
 What do you want to put on? [cdpr or ?*] c
 c - an uncursed +2 ring of protection (on right hand).
 The plains centaur hits!
 The plains centaur kicks!
 The plains centaur hits!
 The plains centaur kicks!
 The plains centaur hits!
 The plains centaur kicks!
 Are you sure you want to pray? [yn] (n) y
 You begin praying to Anhur.
 The plains centaur hits!
 The plains centaur kicks!
 You die...
 Do you want your possessions identified? [ynq] (y) q

Inventory:
 Coins    ('$')
  $ - 2302 gold pieces
 Weapons  (')')
  a - a blessed fireproof +1 quarterstaff (weapon in hands)
 Armor    ('[')
  b - an uncursed +0 cloak of magic resistance (being worn)
 Comestibles  ('%')
  J - an uncursed food ration
  C - an uncursed lembas wafer
  D - an uncursed tripe ration
  F - an uncursed lizard corpse
  G - an uncursed lizard corpse
 Scrolls  ('?')
  i - a blessed scroll of light
  k - an uncursed scroll of remove curse
  j - a blessed scroll of teleportation
 Spellbooks  ('+')
  N - an uncursed spellbook of confuse monster
  m - an uncursed spellbook of detect unseen
  l - a blessed spellbook of force bolt
 Potions  ('!')
  y - an uncursed potion of healing
  f - an uncursed potion of levitation
  h - an uncursed potion of water
 Rings    ('=')
  p - an uncursed ring of conflict
  d - an uncursed +1 ring of increase accuracy
  e - an uncursed +1 ring of increase damage (on left hand)
  c - an uncursed +2 ring of protection (on right hand)
  r - an uncursed ring of shock resistance
 Wands    ('/')
  x - a wand of cancellation (0:4)
  g - a wand of cold (0:2)
  s - a wand of create monster (0:11)
 Tools    ('(')
  n - a magic marker (0:20)
  E - a +0 pick-axe
  w - an uncursed tallow candle

Fletchius the Wizard's attributes:

Background:
 You were a Thaumaturge, a level 6 male elven Wizard.
 You were chaotic, on a mission for Anhur
 who was opposed by Ptah (lawful) and Thoth (neutral).
 You were right-handed.
 You were in the Dungeons of Doom, on level 9.
 You entered the dungeon 3581 turns ago.
 You had 594 experience points, 46 more were needed to attain level 7.

Basics:
 You had 0 out of 49 hit points.
 You had 19 out of 63 energy points (spell power).
 Your armor class was 7.
 Your wallet contained 2302 zorkmids.
 Autopickup was off.

Final Characteristics:
 Your strength was 11 (limit:18).
 Your dexterity was 10 (limit:18).
 Your constitution was 16 (limit:16).
 Your intelligence was 20 (limit:20).
 Your wisdom was 10 (limit:20).
 Your charisma was 10 (limit:18).

Final Status:
 You weren't hungry.
 You were unencumbered.
 You were wielding a quarterstaff.
 You had basic skill with quarterstaff.

Final Attributes:
 You were piously aligned.
 You were magic-protected.
 You were sleep resistant.
 You had infravision.
 You had a small damage bonus (+1).
 You had a small defense bonus (+2).
 You were guarded.
 You were unlucky.
 You are dead.

Miscellaneous:
 You didn't encounter any bones levels.
 Total elapsed playing time was 1 hour, 11 minutes and 4 seconds.

Major events:
 Turn
    1: Fletchius the chaotic male elven Wizard entered the dungeon
  981: attained the rank of Conjurer (level 3)
 2735: attained the rank of Thaumaturge (level 6)
 3581: killed by a plains centaur, while praying

Spells:
 Name                 Level Category     Fail Retention
 force bolt             1   attack         0%   81%-90%
 detect unseen          3   divination    54%  76%-100%

Skills:
 Fighting Skills
   bare handed combat [Unskilled]
   riding             [Unskilled]
 Weapon Skills
   dagger             [Unskilled]
   knife              [Unskilled]
   axe                [Unskilled]
   short sword        [Unskilled]
   club               [Unskilled]
   mace               [Unskilled]
   quarterstaff       [Basic]
   polearms           [Unskilled]
   spear              [Unskilled]
   trident            [Unskilled]
   sling              [Unskilled]
   dart               [Unskilled]
   shuriken           [Unskilled]
 Spellcasting Skills
   attack spells      [Basic]
   healing spells     [Unskilled]
   divination spells  [Unskilled]
   enchantment spells [Basic]
   clerical spells    [Unskilled]
   escape spells      [Unskilled]
   matter spells      [Unskilled]

Voluntary challenges:
 Character rerolling was not enabled.
 You never genocided any monsters.
 You never polymorphed an object.
 You never changed form.
 You used no wishes.
Achievements:
 You entered a shop.
 You attained the rank of Conjurer.
 You attained the rank of Thaumaturge.

 The Dungeons of Doom: levels 1 to 9
    Level 1:
       A fountain.
    Level 2:
       A fountain.
    Level 3:
       A general store.
    Level 4:
    Level 5:
       A fountain, a grave.
    Level 6:
    Level 7:
       Some fountains.
    Level 8:
       An altar, a fountain.
    Level 9: <- You were here.
       Some fountains.
       Final resting place for
          you, killed by a plains centaur, while praying.
 The Tutorial:
    Level 1:


Vanquished creatures:
  a large cat
  a black light
  2 lizards
  a dingo
  a dog
  a dwarf leader
  a water nymph
  a rock piercer
  2 yellow lights
  a gnome leader
 an elf zombie
  a giant ant
 11 hill orcs
  2 rothes
  2 giant bats
  a monkey
  a wererat
 an iguana
  7 acid blobs
  a coyote
  a gas spore
  3 hobbits
  a manes
  a hobgoblin
  2 giant rats
  a red mold
  2 geckos
  5 jackals
  3 foxes
  2 kobolds
  6 grid bugs
  5 lichens
  a newt
73 creatures vanquished.

No species were genocided or became extinct.

Game over:
                       ----------
                      /          \
                     /    REST    \
                    /      IN      \
                   /     PEACE      \
                  /                  \
                  |    Fletchius     |
                  |     2302 Au      |
                  |   killed by a    |
                  |  plains centaur  |
                  |                  |
                  |                  |
                  |       2026       |
                 *|     *  *  *      | *
        _________)/\\_//(\/(/\)/\//\/|_)_______

Goodbye Fletchius the Wizard...

You died in The Dungeons of Doom on dungeon level 9 with 4928 points,
and 2302 pieces of gold, after 3581 moves.
You were level 6 with a maximum of 49 hit points when you died.

